 Dungeon Sprint DCSS version 0.30-a0-840-ga523dec638 (webtiles) character file.

Game seed: 2222842922192425512

10 dialectric the Trooper (level 2, 0/20 HPs)
             Began as a Gargoyle Berserker on Mar 1, 2023.
             Was a Believer of Trog.
             Slain by a scorpion (4 damage)
             ... in the Dungeon (Sprint II: "The Violet Keep of Menkaure").
             The game lasted 00:00:36 (83 turns).

dialectric the Trooper (Gargoyle Berserker)           Turns: 83, Time: 00:00:36

Health: 0/20       AC:  5    Str: 20    XL:     2   Next: 20%
Magic:  2/2        EV: 12    Int:  7    God:    Trog [**....]
Gold:   243        SH:  0    Dex:  9    Spells: 1/1 levels left

rFire   . . .      SeeInvis .    a - +0 mace
rCold   . . .      Faith    .    (no shield)
rNeg    + . .      Spirit   .    b - +0 animal skin
rPois   ∞          Reflect  .    (no helmet)
rElec   +          Harm     .    (no cloak)
rCorr   .          Rampage  .    (no gloves)
Will    .....      NoTele   +    (no boots)
Stlth   +                        (no amulet)
HPRegen 0.23/turn                (no ring)
MPRegen 0.08/turn                (no ring)

@: no status effects
A: sickness immunity, AC +2, negative energy resistance 1, electricity
resistance, torment resistance 1, petrification resistance
a: Renounce Religion, Berserk, Trog's Hand


You were in the Dungeon.
You worshipped Trog.
Trog was pleased with you.
You visited 1 branch You collected 243 gold pieces.

Inventory:

Hand Weapons
 a - a +0 mace (weapon)
Armour
 b - a +0 animal skin (worn)
Scrolls
 h - a scroll of blinking
Potions
 d - a potion of heal wounds
 e - a potion of haste
 f - 2 potions of magic


   Skills:
 + Level 4.4 Fighting
 + Level 4.0 Maces & Flails
 + Level 2.5 Armour
 - Level 2.0 Dodging


You had one spell level left.
You didn't know any spells.
Your spell library was empty.

Dungeon Overview and Level Annotations

Branches:
Dungeon (1/1)

Altars:

Shops:
D !:(=[(!?!=


Innate Abilities, Weirdness & Mutations

You are immune to sickness and miasma.
Your stone body is resilient. (AC +2)
You are immune to poison.
You resist negative energy. (rN+)
You are resistant to electric shocks. (rElec)
You are resistant to unholy torment.
You are immune to petrification.


Message History

You hit the scorpion.
The scorpion is heavily wounded.
The scorpion stings you.
* * * LOW HITPOINT WARNING * * *
You hit the scorpion. Your punch misses the scorpion.
The scorpion is heavily wounded.
The scorpion closely misses you. The scorpion barely misses you.
Unknown command.
You feel better. The scorpion stings you.
You hit the scorpion.
The scorpion is severely wounded.
The scorpion misses you.
You completely miss the scorpion.
The scorpion is severely wounded.
The scorpion barely misses you. The scorpion stings you.
You barely miss the scorpion.
The scorpion is severely wounded.
The scorpion barely misses you.
You closely miss the scorpion.
The scorpion is severely wounded.
The scorpion stings you but does no damage.
The scorpion barely misses you.
You hit the scorpion but do no damage.
The scorpion is severely wounded.
The scorpion misses you.
You hit the scorpion.
The scorpion is almost dead.
The scorpion misses you.
You closely miss the scorpion.
The scorpion is almost dead.
The scorpion stings you but does no damage.
The scorpion stings you.
* * * LOW HITPOINT WARNING * * *
You hit the scorpion but do no damage.
The scorpion is almost dead.
The scorpion barely misses you.
You hit the scorpion but do no damage.
The scorpion is almost dead.
The scorpion barely misses you. The scorpion stings you.
You die...

######~ ..∩..#~
## ## .∩.∩.#~ s
. ∩.∩..#~ s#.
.∩...#~ ### #s#
∩....#~##.# #s#
.∩...#~#†####@##
+~'##.†.<.+
.∩.∩.#~#...##.##
▓▓▓###~##.###+#
######~ ### ##


You could see 4 scorpions.

Vanquished Creatures
  3 worms (D)
3 creatures vanquished.

Notes
Turn   | Place    | Note
-------+----------+-------------------------------------------
     0 | D        | dialectric the Gargoyle Berserker began the quest for the
                  | Orb.
     0 | D        | Reached XP level 1. HP: 14/14 MP: 1/1
    14 | D        | Reached XP level 2. HP: 17/20 MP: 2/2
    52 | D        | Found Tazaxou's Jewellery Shoppe.
    52 | D        | Found Epsah's Magic Scroll Shoppe.
    52 | D        | Found Yvyja's Distillery.
    52 | D        | Found Tuiguhes's Weapon Emporium.
    52 | D        | Found Ahauzyosky's Distillery.
    53 | D        | Found Mepn's Jewellery Emporium.
    53 | D        | Found Offotorgh's Antique Weapon Shoppe.
    53 | D        | Found Pooneix's Antique Armour Emporium.
    53 | D        | Found Qawe Boo's Book Shoppe.
    53 | D        | Found Duth's Distillery.
    57 | D        | Reached ** piety under Trog
    68 | D        | Noticed a scorpion
    68 | D        | Noticed a scorpion
    68 | D        | Noticed a scorpion
    70 | D        | Noticed a scorpion
    83 | D        | Slain by a scorpion

Illustrated notes

Levels and vault maps discovered:
D:        the_violet_keep_of_menkaure [sprint2_stairs_cluster_1,
          sprint2_shoproom, sprint2_temple, sprint2_basic_supplies,
          sprint2_obstacle_3, sprint2_obstacle_4, sprint2_obstacle_2,
          sprint2_obstacle_5, sprint2_obstacle_6, sprint2_timed_cluster_1,
          sprint2_smallroom_cluster_1, sprint2_smallroom_final_cluster_1,
          sprint2_transparent_cluster_1, sprint2_second_timed_cluster_1,
          sprint2_sniper_area_1, sprint2_heavy_combat_area_1,
          sprint2_mutation_trap_area_1, sprint2_forest_area_1,
          sprint2_light_combat_area_1, sprint2_behind_water_1,
          sprint2_near_end_vault_1]

Skill      XL: |  1  2 |
---------------+-------+-----
Fighting       | 4 |  4.4
Maces & Flails | 4 |  4.0
Dodging        | 2 |  2.0
Armour         | |  2.5

Action                     || total
---------------------------++-------
  Melee: Mace              ||    25
    Use: Potion            ||     2
 Armour: Animal skin       ||     2
  Dodge: Dodged            ||    16

Table legend: (Time is in decaauts)
 A = Elapsed time spent in this place.
 B = Non-inter-level travel time spent in this place.
 C = Inter-level travel time spent in this place.
 D = Time resting spent in this place.
 E = Time spent auto-exploring this place.
 F = Levels seen in this place.
 G = Mean time per level.
                   A        B        C        D        E       F      G
               +--------+--------+--------+--------+--------+-----+--------+
         Total |    100 |    100 |      0 |     45 |      0 |   1 |  100.0 |
       Dungeon |    100 |    100 |      0 |     45 |      0 |   1 |  100.0 |
               +--------+--------+--------+--------+--------+-----+--------+

Top non-repeatable levels by time:
       D: 100 daAuts
